 Dungeon Crawl Stone Soup version 0.31.0-32-g396128a36d (webtiles) character file.

Game seed: 1199256834688606337

2429 spaghetti the Summoner (level 9, -2/74 HPs)
             Began as a Naga Summoner on Mar 9, 2024.
             Slain by Maggie
             ... wielding a +2 broad axe of flaming
              (4 damage)
             ... on level 6 of the Dungeon.
             The game lasted 00:10:08 (6204 turns).

spaghetti the Summoner (Naga Summoner)              Turns: 6204, Time: 00:10:09

Health: -2/74      AC:  5    Str:  8 (11) XL:     9   Next: 48%
Magic:  17/27      EV:  9    Int: 21 (22) God:
Gold:   235        SH:  0    Dex: 11 (12) Spells: 6/20 levels left

rFire   . . .        k - +1 scythe
rCold   . . .        (shield currently unavailable)
rNeg    . . .        j - +1 leather armour of Vehumet's Favour {Will- rCorr Int+3}
rPois   +            (no helmet)
rElec   .            (no cloak)
rCorr   +            (no gloves)
SInv    +            (no barding)
Will    .....        g - amulet of the acrobat
Stlth   +++          f - ring of magical power
HPRegen 0.32/turn    (no ring)
MPRegen 0.20/turn

%: acrobat
@: unable to call your familiar, mesmerised, invisible, very slow
A: AC +3, large, see invisible, deformed body, poison resistance, slowness 2,
spit poison 1, naga tail 1
a: Spit Poison


You were on level 6 of the Dungeon.
You visited 1 branch of the dungeon, and saw 6 of its levels.

You collected 235 gold pieces.

Inventory:

Hand Weapons
 k - a +1 scythe (weapon)
Armour
 h - a +2 robe of cold resistance
 j - the +1 leather armour of Vehumet's Favour (worn) {Will- rCorr Int+3}
   (You found it on level 2 of the Dungeon)

   Int+3:     It affects your intelligence (+3).
   Will-:     It decreases your willpower.
   rCorr:     It protects you from acid and corrosion.
Jewellery
 f - a ring of magical power (left hand)
 g - an amulet of the acrobat (around neck)
 o - a ring of protection from fire
Scrolls
 a - a scroll of torment
 c - a scroll of fog
 e - a scroll of noise
 l - 2 scrolls of blinking
 p - a scroll of fear
 q - a scroll of enchant armour
Potions
 b - a potion of might
 m - a potion of lignification
 n - a potion of magic


   Skills:
 + Level 2.7 Fighting
 + Level 2.9 Dodging
 + Level 5.6 Stealth
 - Level 6.0 Spellcasting
 + Level 9.7 Summonings
 + Level 1.1 Necromancy
 + Level 2.5 Air Magic


You had 6 spell levels left.
You knew the following spells:

 Your Spells              Type           Power      Damage    Failure   Level
a - Summon Small Mammal   Summ           100%       N/A       1%          1
b - Call Imp              Summ           94%        N/A       1%          2
c - Call Canine Familiar  Summ           47%        N/A       1%          3
d - Summon Lightning Spi  Summ/Air       32%        N/A       12%         4
e - Martyr's Knell        Necr/Summ      29%        N/A       16%         4

Your spell library contained the following spells:

 Spells                   Type           Power      Damage    Failure   Level
 Summon Blazeheart Golem  Fire/Summ      26%        N/A       19%         4
 Ozocubu's Armour         Ice            6%         N/A       38%         3
 Metabolic Englaciation   Hex/Ice        3%         N/A       98%         5
 Sculpt Simulacrum        Ice/Alch       3%         N/A       100%        6
 Shatter                  Erth           3%         3d7*      100%        9


Dungeon Overview and Level Annotations

Branches:
Dungeon (6/15)
 Temple: D:4-7

Altars:
Cheibriados
Elyvilon
Trog
The Shining One

Annotations:
D:2 1 runed translucent door, Crazy Yiuf
D:6 Maggie


Innate Abilities, Weirdness & Mutations

Your serpentine skin is tough. (AC +3)
You have supernaturally acute eyesight. (SInv)
Armour fits poorly on your strangely shaped body.
Your system is resistant to poisons. (rPois)
You cover ground very slowly.
You can spit poison.
You have a snake-like lower body.


Message History

It was a potion of degeneration.
There was something very wrong with that liquid.
You feel weakened.
You feel dopey.
You feel clumsy.
Your inugami hits Maggie but does no damage.
The orc hits your lightning spire but does no damage.
Maggie casts a spell.
Maggie draws you further into her thrall.
It was a potion of invisibility.
You fade into invisibility!
Your inugami hits Maggie.
Your lightning spire shoots out a bolt of lightning at the orc!
The bolt of electricity hits the orc!
The orc dies!
Maggie casts a spell at your inugami. The bolt of fire hits your inugami!
Reach: k) +1 scythe
Press: ? - help, Dir - move target, f - Maggie
Aim: Maggie, wielding a +2 broad axe of flaming, wearing +0 steam dragon scales and carrying a wand of light (heavily wounded, mesmerising, unable to see you, ally target, about 53% to evade your +1 scythe)
You reach to attack!
You barely miss Maggie.
Maggie is heavily wounded.
Your inugami barely misses Maggie.
Your inugami hits Maggie but does no damage.
You strike the helpless Maggie from behind!
You hit Maggie but do no damage.
Maggie is heavily wounded.
Maggie zaps a wand.
The bolt of light hits you!
* * * LOW HITPOINT WARNING * * *
An orc wizard comes into view. It is wielding a +0 dagger.
Your inugami hits Maggie!
Maggie zaps a wand.
The bolt of light hits your inugami!!
Your inugami dies!
Your inugami disappears in a puff of smoke!
Unknown command.
Casting: Summon Lightning Spire (dangerous; 12% risk of failure)
Confirm with . or Enter, or press ? or * to list all spells.
A tiny devil pulls itself out of the air.
Maggie hits you with a +2 broad axe of flaming!
* * * LOW HITPOINT WARNING * * *
Maggie burns you.
You die...

#......... #⌠ ⌠#
###.......#. . .+
.........#. ⌠ ⌠
##.......## #+#
#.......# #.# #.......##
#.# #.......##
#.######.# #.......##
#.o.)8.@.######.......##
#.....§@......'.....).##
#....5.########.........
#.#.<.. #######.## #
####. #... #. #### #. #.
#.


You could see Maggie (mesmerising, unable to see you, ally target), an orc
wizard (wandering, unable to see you), a friendly lightning spire (summoned) and
a friendly cerulean imp (summoned).

Vanquished Creatures
  A two-headed ogre (D:5)
  Sigmund (D:2)
  A sky beast (D:4)
  2 black bears
  A bombardier beetle (D:5)
  2 jellies (D:4)
  An orc priest (D:5)
  2 river rats (D:6)
  2 ufetubi
  A dart slug (D:2)
  2 ribbon worms
  6 orcs
  A ball python (D:2)
  3 endoplasms
  14 giant cockroaches
  7 goblins
  4 hobgoblins
  A jackal (D:3)
  2 quokkas
  2 bats (D:3)
  2 frilled lizards
  2 kobolds
  A rat (D:2)
61 creatures vanquished.

Vanquished Creatures (collateral kills)
  Grinder (D:6)
  Eustachio (D:6)
  Menkaure (D:6)
  A sky beast (D:6)
  An ogre (D:6)
  A phantom (D:5)
  A bullfrog (D:6)
  A hound (D:5)
  2 bombardier beetles (D:5)
  A jelly (D:4)
  3 iguanas
  2 orc wizards
  Robin (D:2)
  4 adders
  2 river rats (D:6)
  A shadow imp (D:5)
  2 ufetubi
  A dart slug (D:1)
  11 orcs
  7 ball pythons
  3 bats
  3 endoplasms
  4 giant cockroaches
  9 goblins
  7 hobgoblins
  5 jackals
  A frilled lizard (D:3)
  3 kobolds
  4 rats
84 creatures vanquished.

Grand Total: 145 creatures vanquished

Notes
Turn   | Place    | Note
-------+----------+-------------------------------------------
     0 | D:1      | spaghetti the Naga Summoner began the quest for the Orb.
     0 | D:1      | Reached XP level 1. HP: 15/15 MP: 3/3
    38 | D:1      | Reached XP level 2. HP: 9/22 MP: 2/5
   158 | D:1      | Learned a level 2 spell: Call Imp
   837 | D:2      | Reached XP level 3. HP: 17/28 MP: 2/7
   841 | D:2      | Learned a level 3 spell: Call Canine Familiar
  1020 | D:2      | Noticed Robin
  1032 | D:2      | Noticed Sigmund
  1099 | D:2      | Killed Sigmund
  1100 | D:2      | Reached skill level 5 in Spellcasting
  1100 | D:2      | Reached XP level 4. HP: 20/36 MP: 3/11
  1100 | D:2      | Reached XP level 5. HP: 23/42 MP: 3/13
  1106 | D:2      | Killed Robin
  1107 | D:2      | Reached XP level 6. HP: 20/49 MP: 3/14
  1702 | D:2      | Found a runed translucent door.
  1703 | D:2      | Noticed Crazy Yiuf
  1933 | D:2      | Identified the +1 leather armour of Vehumet's Favour {Will-
                  | rCorr Int+3}
  2656 | D:3      | Found a faded altar of an unknown god.
  3171 | D:4      | Reached skill level 5 in Summonings
  3308 | D:4      | Reached XP level 7. HP: 55/55 MP: 16/16
  3586 | D:4      | Reached skill level 6 in Summonings
  3885 | D:5      | Entered Level 5 of the Dungeon
  4057 | D:5      | Noticed a two-headed ogre
  4106 | D:5      | Killed a two-headed ogre
  4107 | D:5      | Reached skill level 8 in Summonings
  4107 | D:5      | Reached XP level 8. HP: 62/62 MP: 10/17
  4197 | D:5      | Found a white marble altar of Elyvilon.
  4200 | D:5      | Reached skill level 9 in Summonings
  4258 | D:5      | Found a snail-covered altar of Cheibriados.
  4406 | D:5      | Learned a level 4 spell: Summon Lightning Spire
  4704 | D:5      | Reached skill level 1 in Fighting
  4776 | D:5      | Found a glowing golden altar of the Shining One.
  5497 | D:6      | Reached skill level 1 in Air Magic
  5497 | D:6      | Reached XP level 9. HP: 15/70 MP: 18/18
  5674 | D:6      | Noticed Grinder
  5674 | D:6      | Paralysed by Grinder for 2 turns
  5681 | D:6      | Killed Grinder
  5732 | D:6      | Reached skill level 5 in Stealth
  5808 | D:6      | Found a bloodstained altar of Trog.
  5862 | D:6      | Got the Essays on the Indurated Commander
  5868 | D:6      | Learned a level 4 spell: Martyr's Knell
  5995 | D:6      | Noticed Eustachio
  6011 | D:6      | Killed Eustachio
  6048 | D:6      | Noticed Menkaure
  6054 | D:6      | Killed Menkaure
  6055 | D:6      | Reached skill level 1 in Necromancy
  6192 | D:6      | Noticed Maggie
  6204 | D:6      | HP: 2/74 [Maggie/+2 broad axe of flaming (10)]
  6204 | D:6      | Slain by Maggie

Illustrated notes

Levels and vault maps discovered:
D:1:      eino_arrival_water_star, layout_rooms
D:2:      minmay_roachtagon, layout_basic, grunt_decor_fettered,
          minmay_fractal_squares_5, uniq_robin, uniq_crazy_yiuf_cottage,
          uniq_sigmund
D:3:      layout_rooms, hellmonk_ecumenical_altar_dog_temple, minmay_hedge_maze
D:4:      minmay_angry_zag, layout_cave_pools
D:5:      layout_basic, mainiacjoe_overflow_alcove_1, marbit_many_paths,
          tso_altar, kennysheep_generic_room_15
D:6:      wad_woods_stonehenge, layout_basic, temple_doors_e,
          portal_sewer_entry_a, uniq_eustachio, uniq_maggie, uniq_menkaure,
          uniq_grinder

Skill      XL: |  1  2  3  4  5  6  7  8  9 |
---------------+----------------------------+-----
Spellcasting   | 3 5 6 |  6.0
Summonings     | 5 8 9 |  9.7
Fighting       | 1 2 |  2.7
Dodging        | 2 |  2.9
Stealth        | 4 5 |  5.6
Air Magic      | 1 2 |  2.5
Necromancy     | 1 |  1.1

Action                     |  1- 3 |  4- 6 |  7- 9 || total
---------------------------+-------+-------+-------++-------
  Melee: Unarmed           |    77 |       |       ||    77
         Punch             |     1 |       |       ||     1
         Halberd           |       |   122 |   121 ||   243
   Cast: Summon Small Mamm |    26 |     9 |    33 ||    68
         Call Imp          |    11 |    16 |    31 ||    58
         Call Canine Famil |     4 |    10 |    24 ||    38
         Summon Lightning  |       |       |     2 ||     2
    Use: Potion            |     4 |     1 |     3 ||     8
         Scroll            |       |     6 |     3 ||     9
   Stab: Distracted        |     1 |     1 |     1 ||     3
         Sleeping          |       |     5 |     2 ||     7
         Invisible         |       |       |     1 ||     1
 Armour: Robe              |    66 |    77 |       ||   143
         Skin              |    44 |     3 |       ||    47
         Leather armour    |       |    48 |   113 ||   161
  Dodge: Dodged            |    44 |   109 |    56 ||   209
